 Dungeon Crawl Stone Soup version 0.16.1-18-g436b03c (webtiles) character file.

72374 Epyon1771 the Thaumaturge (level 15, -4/72 HPs)
             Began as a Deep Elf Wizard on May 9, 2015.
             Was the Champion of Sif Muna.
             Killed from afar by a lindwurm (38 damage)
             ... with a blast of flame
             ... summoned by the player character
             ... in an ice cave on May 13, 2015.
             The game lasted 04:39:10 (38284 turns).

Epyon1771 the Thaumaturge (Deep Elf Wizard)        Turns: 38284, Time: 04:39:18

Health: -4/72      AC: 12    Str:  4    XL:     15   Next: 1%
Magic:  2/53       EV: 16    Int: 29    God:    Sif Muna [******]
Gold:   992        SH:  0    Dex: 14    Spells: 11 memorised, 3 levels left

rFire  . . .     SeeInvis .     G - staff of energy
rCold  + . .     Clarity  .     f - +2 robe {rC+}
rNeg   + . .     SustAb   .     (no shield)
rPois  .         Gourm    .     n - +2 hat of the High Council {Archmagi, Wiz- Stlth-}
rElec  .         Spirit   .     y - +2 cloak {+Inv}
rCorr  .         Warding  +     r - +2 pair of gloves
rMut   .         Stasis   .     (no boots)
MR     +....                    p - amulet of warding
Stlth  +.........               J - ring of magical power
                                W - ring of magical power

@: very slightly contaminated, invisible, somewhat resistant to hostile
enchantments, very unstealthy
A: no striking features
a: Channel Energy, Forget Spell, Renounce Religion


You were in an ice cave.
You worshipped Sif Muna.
Sif Muna was exalted by your worship.
You were not hungry.

You visited 5 branches of the dungeon, and saw 25 of its levels.
You also visited: Labyrinth and Ice Cave.

You collected 2324 gold pieces.
You spent 1332 gold pieces at shops.

Inventory:

Armour
 f - a +2 robe of cold resistance (worn)
 n - the +2 hat of the High Council (worn) {Archmagi, Wiz- Stlth-}
   (You bought it in a shop on level 4 of the Orcish Mines)

   It makes you less stealthy.
 r - a +2 pair of gloves (worn)
 y - a +2 cloak of invisibility (worn)
Magical staves
 G - an uncursed staff of energy (weapon)
Jewellery
 p - an amulet of warding (around neck)
 J - a ring of magical power (right hand)
 W - a ring of magical power (left hand)
Magical devices
 i - a wand of disintegration (9)
 m - a wand of draining (4)
 K - a wand of fireball (8)
 Q - a wand of confusion (26)
Scrolls
 g - 3 scrolls of fear
 q - a scroll of teleportation
 v - 5 scrolls of remove curse
Potions
 j - 2 potions of haste
 s - 7 potions of brilliance
 x - 3 potions of curing
 M - 4 potions of cancellation
 N - 3 potions of invisibility
 Z - a potion of ambrosia {unknown}
Comestibles
 h - 25 fruits
 t - 18 royal jellies


   Skills:
 - Level 7.1 Dodging
 - Level 2.4 Stealth
 + Level 13.1 Spellcasting
 - Level 11.0 Conjurations
 + Level 10.1 Charms
 - Level 12.2 Summonings
 + Level 5.2 Necromancy
 - Level 6.4 Translocations
 - Level 4.0 Fire Magic
 - Level 11.0 Air Magic
   Level 4.0 Earth Magic
 - Level 3.5 Poison Magic
 - Level 12.0 Invocations


You had 3 spell levels left.
You knew the following spells:

 Your Spells              Type           Power        Failure   Level  Hunger
a - Lightning Bolt        Conj/Air       #######...   3%          5    None
b - Mephitic Cloud        Conj/Pois/Air  #######.     1%          3    None
c - Conjure Flame         Conj/Fire      #######.     2%          3    None
d - Airstrike             Air            #######...   2%          4    None
e - Monstrous Menagerie   Summ           #######...   7%          6    None
f - Summon Forest         Summ/Tloc      #######...   4%          5    None
g - Blink                 Tloc           N/A          2%          2    None
h - Repel Missiles        Chrm/Air       ######       1%          2    None
i - Flight                Chrm/Air       #######...   1%          3    None
j - Regeneration          Chrm/Necr      #######...   2%          3    None
k - Apportation           Tloc           ######....   1%          1    None


Dungeon Overview and Level Annotations

Branches:
Dungeon (11/15)            Temple (1/1) D:5            Lair (8/8) D:11
  Swamp (1/5) Lair:3       Spider (0/5) Lair:5        Slime (0/6) Lair:8
    Orc (4/4) D:10            Elf (0/3) Orc:4

Altars:
Ashenzari
Cheibriados
Dithmenos
Elyvilon
Fedhas
Gozag
Kikubaaqudgha
Makhleb
Nemelex Xobeh
Okawaru
Qazlal
Ru
Sif Muna
Trog
Vehumet
Xom
Yredelemnul
Zin
The Shining One
Beogh
Lugonu

Shops:
D:5 [   D:7 =   Orc:1 [   Orc:4 [[((

Annotations:
D:4 exclusion: downstairs


Message History

Use which ability? (? or * to list)
You channel some magical energy.
You feel somewhat more hungry.
The ice devil hits you but does no damage.
An ice devil comes into view.
Casting: Lightning Bolt
Confirm with . or Enter, or press ? or * to list all spells.
Aiming: Lightning Bolt
Press: ? - help, Shift-Dir - straight line You feel a surge of power!
You hear a mighty clap of thunder!
The bolt of lightning hits the ice devil.
You kill the ice devil!
You have reached level 15!
Your experience leads to an increase in your attributes!
Increase (S)trength, (I)ntelligence, or (D)exterity?
You feel clever. The lindwurm breathes flames at you.
The blast of flame hits you!
Ouch! That really hurt!
You die...

##..#..##
#..#...##
#.......#
#...##..##
#..###...#
##.#.##..#
##....#..# §#
#....##..#
§..
#....#@.##
.§.##)..##..#
#§§##).#.k##
#..####..#
#§§.###.##
#.§#.3##
#....# ##..##
####


You could see an ice devil and a lindwurm.

Vanquished Creatures
  Gastronok (D:9)
  The ghost of jnmwhg the Brawler, a powerful MiMo of Makhleb (Orc:4)
  A minotaur (Lab)
  7 hydras
  5 death yaks
  An orc high priest (Orc:4)
  An orc knight (Orc:4)
  2 ice devils (IceCv)
  Pikel (D:8)
  A hill giant (D:11)
  An orc sorcerer (Orc:4)
  5 griffons
  6 black mambas
  4 elephants
  The ghost of SlowGraham the Covert, an experienced KoAs (D:5)
  Joseph (D:8)
  9 spiny frogs
  A torpor snail (Lair:6)
  A smoke demon (Orc:4)
  5 fire drakes
  9 komodo dragons
  3 spriggan druids
  3 trolls
  4 blue devils (IceCv)
  4 polar bears (Lair:8)
  2 giant leeches (Swamp:1)
  A red devil (Orc:4)
  Prince Ribbit (D:8)
  A two-headed ogre (D:7)
  A basilisk (Lair:3)
  7 blink frogs
  The ghost of Epyon1771 the Conjurer, an average DEWz (D:3)
  4 redbacks
  40 yaks
  A deep elf mage (D:11)
  2 shadows (D:11)
  A human (D:4)
  7 spriggans (Lair:8)
  3 vampire mosquitoes (Swamp:1)
  Grum (D:8)
  27 wolves
  5 hippogriffs
  18 water moccasins
  Menkaure (D:6)
  A warg (Orc:4)
  A swamp worm (Swamp:1)
  10 ice beasts
  4 black bears
  2 boring beetles
  3 phantoms
  5 porcupines
  A swamp drake (Swamp:1)
  A slave (D:7)
  2 necrophages
  A wasp (Lair:8)
  3 sky beasts
  6 ogres
  28 orc warriors
  4 centaurs
  2 big kobolds
  8 crocodiles
  17 giant frogs
  A warg zombie (Orc:4)
  33 killer bees
  6 electric eels
  3 scorpions
  A quasit (D:11)
  7 crimson imps
  2 goliath beetles
  2 jellies
  2 giant frog zombies
  11 hounds
  14 iguanas
  2 centaur zombies
  A giant frog skeleton (D:4)
  A centaur skeleton (D:7)
  21 orc wizards
  19 orc priests
  28 sheep
  14 worker ants
  A worker ant zombie (D:7)
  21 river rats
  20 adders
  2 giant mites
  4 shadow imps
  6 ufetubi (IceCv)
  5 white imps
  2 adder skeletons
  4 giant geckos
  141 orcs
  A ball python (D:4)
  16 bats
  18 goblins
  16 hobgoblins
  5 jackals
  11 quokkas
  6 giant cockroaches
  A giant cockroach zombie (D:5)
  7 giant newts
  2 giant spores (D:10)
  A hobgoblin zombie (D:6)
  A jackal zombie (D:5)
  22 kobolds
  An orc skeleton (D:5)
  A quokka zombie (D:5)
  13 rats
  3 ballistomycetes (D:10)
  A fungus (Lair:6)
  2 plants
803 creatures vanquished.

Vanquished Creatures (collateral kills)
  2 orc warlords
  The ghost of Aarujn the Fighter, a powerful GrFi of Ashenzari (Orc:4)
  A hydra (Lair:3)
  An anaconda (Lair:6)
  3 death yaks (Lair:6)
  An orc high priest (Orc:4)
  2 ice statues (IceCv)
  A griffon (Lair:6)
  A cyclops (Orc:3)
  3 orc sorcerers (Orc:4)
  4 oklob plants (Lair:8)
  5 black mambas
  2 elephants (Lair:8)
  3 spiny frogs
  2 komodo dragons
  A naga mage (Lair:3)
  A fire drake (Lair:5)
  2 polar bears (Lair:8)
  A blue devil (IceCv)
  A blink frog (Lair:3)
  2 basilisks
  2 redbacks (Lair:8)
  3 spriggans (Lair:8)
  13 yaks
  10 wolves
  2 vampire mosquitoes (Swamp:1)
  A warg (Orc:4)
  A porcupine (Lair:6)
  6 orc warriors
  6 water moccasins
  3 black bears (Lair:8)
  2 ice beasts (IceCv)
  A wasp (Lair:8)
  A boring beetle (Lair:5)
  An ogre (Orc:4)
  2 crocodiles
  4 killer bees (Lair:4)
  2 hounds
  2 orc priests
  2 iguanas
  2 orc wizards (Orc:3)
  5 sheep
  3 adders
  23 river rats
  2 ufetubi (IceCv)
  26 orcs
  2 goblins (Orc:4)
  3 quokkas
  3 bushes (Lair:6)
  A plant (Lair:8)
174 creatures vanquished.

Vanquished Creatures (others)
  3 lindwurms
  3 manticores
  A queen bee (Lair:4)
  A slave (D:8)
  A crocodile (Lair:8)
  A crimson imp (Lair:2)
  An iron imp (D:9)
  3 white imps
  A shadow imp (Lair:2)
  An ufetubus (IceCv)
  A ballistomycete (D:10)
  3 fungi
  A plant (Lair:8)
21 creatures vanquished.

Grand Total: 998 creatures vanquished

Notes
Turn   | Place    | Note
--------------------------------------------------------------
     0 | D:1      | Epyon1771, the Deep Elf Wizard, began the quest for the Orb.
     0 | D:1      | Reached XP level 1. HP: 10/10 MP: 6/6
   420 | D:1      | Reached XP level 2. HP: 13/15 MP: 3/9
   939 | D:1      | Reached XP level 3. HP: 19/19 MP: 10/12
   945 | D:1      | Learned a level 3 spell: Mephitic Cloud
   949 | D:1      | Learned a level 3 spell: Conjure Flame
   952 | D:1      | Learned a level 2 spell: Repel Missiles
  1376 | D:2      | Reached skill level 1 in Air Magic
  1642 | D:2      | Found a blossoming altar of Fedhas.
  1645 | D:2      | Found a stormy altar of Qazlal.
  1868 | D:2      | Reached XP level 4. HP: 24/24 MP: 8/15
  1872 | D:2      | Learned a level 2 spell: Call Imp
  2232 | D:3      | Reached skill level 1 in Poison Magic
  2244 | D:3      | Noticed Epyon1771's ghost (average DEWz)
  2365 | D:3      | Killed Epyon1771's ghost
  2365 | D:3      | Reached XP level 5. HP: 26/28 MP: 3/18
  2463 | D:3      | Found a glowing silver altar of Zin.
  2466 | D:3      | Found a shadowy altar of Dithmenos.
  2466 | D:3      | Found an ancient bone altar of Kikubaaqudgha.
  2470 | D:3      | Found a white marble altar of Elyvilon.
  2470 | D:3      | Found a shattered altar of Ashenzari.
  2534 | D:3      | Found a radiant altar of Vehumet.
  2722 | D:3      | Found a blossoming altar of Fedhas.
  2855 | D:3      | Found a bloodstained altar of Trog.
  3175 | D:4      | Found a runed door.
  3175 | D:4      | Noticed a human
  3176 | D:4      | Found a basalt altar of Yredelemnul.
  3209 | D:4      | Killed a human
  3209 | D:4      | Reached skill level 5 in Conjurations
  3209 | D:4      | Reached XP level 6. HP: 8/32 MP: 6/20
  3510 | D:4      | Noticed an ogre
  3522 | D:4      | Killed an ogre
  3522 | D:4      | Reached skill level 1 in Fire Magic
  3534 | D:4      | Reached XP level 7. HP: 31/36 MP: 0/21
  4444 | D:4      | Reached skill level 6 in Conjurations
  4751 | D:5      | Entered Level 5 of the Dungeon
  4751 | D:5      | Found Meb Foaf's Antique Armour Emporium.
  4751 | D:5      | Noticed SlowGraham's ghost (experienced KoAs)
  5165 | D:5      | Reached XP level 8. HP: 38/41 MP: 7/23
  5888 | D:5      | Found a staircase to the Ecumenical Temple.
  5909 | Temple   | Entered the Ecumenical Temple
  5949 | Temple   | Became a worshipper of Sif Muna the Loreminder
  5978 | D:5      | Bought a glowing cloak for 76 gold pieces
  5978 | D:5      | Bought a runed robe for 11 gold pieces
  6017 | D:5      | Reached skill level 5 in Spellcasting
  6081 | D:5      | Reached skill level 7 in Conjurations
  6227 | D:5      | Killed SlowGraham's ghost
  6227 | D:5      | Reached skill level 5 in Summonings
  6345 | D:6      | Noticed Menkaure
  6584 | D:5      | Learned a level 3 spell: Stone Arrow
  6696 | D:6      | Killed Menkaure
  6696 | D:6      | Reached skill level 1 in Earth Magic
  6817 | D:6      | Acquired Sif Muna's first power
  6973 | D:5      | Learned a level 2 spell: Blink
  7083 | D:6      | Reached XP level 9. HP: 45/45 MP: 12/26
  8157 | D:7      | Found Zosuk's Jewellery Shop.
  8161 | D:7      | Bought an uncursed ring of magical power for 220 gold pieces
  8462 | D:7      | Learned a level 4 spell: Airstrike
  8532 | D:7      | Found a sacrificial altar of Ru.
  8714 | D:7      | Found a sparkling altar of Nemelex Xobeh.
  8715 | D:7      | Found an opulent altar of Gozag.
  8749 | D:8      | Noticed Pikel
  8754 | D:8      | Noticed Joseph
  8767 | D:8      | Killed Joseph
  8767 | D:8      | Acquired Sif Muna's second power
  8767 | D:8      | Reached skill level 5 in Invocations
  9133 | D:8      | Noticed Prince Ribbit
  9136 | D:8      | Killed Prince Ribbit
  9267 | D:8      | Reached skill level 5 in Air Magic
  9837 | D:8      | Killed Pikel
  9837 | D:8      | Reached XP level 10. HP: 50/50 MP: 19/28
  9961 | D:8      | Noticed Grum
  9968 | D:8      | Killed Grum
 10080 | D:8      | Reached skill level 8 in Summonings
 10249 | D:8      | Found a shimmering altar of Xom.
 10250 | D:8      | Found a shimmering altar of Xom.
 10251 | D:8      | Found a shimmering altar of Xom.
 10253 | D:8      | Found a shimmering altar of Xom.
 10253 | D:8      | Found a shimmering altar of Xom.
 10299 | D:8      | Found a shimmering altar of Xom.
 10840 | D:9      | Noticed Gastronok
 10855 | D:9      | Killed Gastronok
 10855 | D:9      | Reached skill level 9 in Summonings
 11620 | D:9      | Reached skill level 5 in Dodging
 11974 | D:9      | Reached XP level 11. HP: 54/54 MP: 8/29
 12394 | D:10     | Entered Level 10 of the Dungeon
 12681 | D:10     | Found a flagged portal.
 12888 | D:10     | Found a staircase to the Orcish Mines.
 13877 | D:10     | Noticed an eight-headed hydra
 13893 | D:10     | Killed an eight-headed hydra
 13893 | D:10     | Reached skill level 10 in Summonings
 14337 | D:11     | Acquired Sif Muna's third power
 14399 | D:11     | Found a staircase to the Lair.
 15288 | D:11     | Noticed a hill giant
 15298 | D:11     | Killed a hill giant
 15421 | Lair:1   | Entered Level 1 of the Lair of Beasts
 17260 | Lair:1   | Learned a level 5 spell: Summon Forest
 17287 | Lair:2   | Reached XP level 12. HP: 59/59 MP: 28/31
 17581 | Lair:2   | Reached skill level 10 in Invocations
 18114 | Lair:2   | Reached skill level 5 in Translocations
 19716 | Lair:3   | Received a gift from Sif Muna
 19717 | Lair:3   | Identified Eweept's Compendium of Summoning (Sif Muna gifted it to you on level 3 of the Lair of Beasts)
 19720 | Lair:3   | Identified a scroll of acquirement
 19742 | Lair:3   | Learned a level 6 spell: Monstrous Menagerie
 19770 | Lair:3   | Noticed an eight-headed hydra
 19774 | Lair:3   | Killed an eight-headed hydra
 19804 | Lair:3   | Reached skill level 10 in Spellcasting
 19818 | Lair:3   | Reached skill level 11 in Invocations
 20102 | Lair:3   | Found a staircase to the Swamp.
 20103 | Lair:3   | Found a staircase to the Snake Pit.
 20452 | Lair:3   | Noticed a six-headed hydra
 20458 | Lair:3   | Killed a six-headed hydra
 21700 | Lair:4   | Learned a level 5 spell: Lightning Bolt
 21705 | Lair:4   | Learned a level 3 spell: Flight
 21736 | Lair:4   | Noticed a four-headed hydra
 21740 | Lair:4   | Killed a four-headed hydra
 21961 | Lair:4   | Reached XP level 13. HP: 63/63 MP: 35/35
 22487 | Lair:5   | Found a hole to the Spider Nest.
 23569 | Lair:6   | Reached skill level 12 in Invocations
 25071 | Lair:6   | Received a gift from Sif Muna
 25829 | Lair:3   | Reached skill level 1 in Charms
 26018 | Lair:4   | Reached skill level 10 in Air Magic
 27283 | Lair:8   | Entered Level 8 of the Lair of Beasts
 27485 | Lair:8   | Found a deep blue altar of Sif Muna.
 27541 | Lair:8   | Reached XP level 14. HP: 68/68 MP: 14/36
 27555 | Lair:8   | Found a labyrinth entrance.
 27568 | Lab      | Entered a labyrinth
 28116 | Lab      | Got a slimy copper ring
 28131 | Lab      | Identified the Compendium of Aid
 28132 | Lab      | Got a warped quarterstaff
 28138 | Lair:8   | Identified the cursed +0 quarterstaff "Jeoprebo" {crush, +Rage rC+ Int+2} (You found it in a labyrinth)
 28631 | Lair:7   | Identified the ring "Mestroyla" {+/*Tele +Inv Str+2} (You took it off a minotaur in a labyrinth)
 28820 | D:11     | Learned a level 3 spell: Regeneration
 29002 | Lair:8   | Received a gift from Sif Muna
 29003 | Lair:8   | Identified Sif Muna's Compendium of the Escort (Sif Muna gifted it to you on level 8 of the Lair of Beasts)
 29135 | Lair:8   | Reached skill level 5 in Charms
 29879 | Lair:8   | Reached skill level 10 in Conjurations
 30231 | Lair:8   | Identified Fretixua's Papyrus of Sinister Secrets and Translocation
 30238 | Lair:8   | Learned a level 1 spell: Apportation
 30687 | Lair:8   | Found a staircase to the Slime Pits.
 32475 | Orc:1    | Entered Level 1 of the Orcish Mines
 32779 | Orc:1    | Found Ekouk's Armour Boutique.
 33372 | Orc:2    | Noticed an orc warlord
 33377 | Orc:2    | Killed an orc warlord
 34004 | Orc:3    | Found a bloodstained altar of Trog.
 34039 | Orc:3    | Reached skill level 1 in Necromancy
 34415 | Orc:4    | Entered Level 4 of the Orcish Mines
 34425 | Orc:4    | Found a staircase to the Elven Halls.
 34428 | Orc:4    | Noticed Aarujn's ghost (powerful GrFi)
 34438 | Orc:4    | Killed Aarujn's ghost
 34450 | Orc:4    | Noticed jnmwhg's ghost (powerful MiMo)
 34460 | Orc:4    | Killed jnmwhg's ghost
 34724 | Orc:4    | Found a roughly hewn altar of Beogh.
 35117 | Orc:4    | Found a roughly hewn altar of Beogh.
 35815 | Orc:4    | Found a roughly hewn altar of Beogh.
 36032 | Orc:4    | Found a roughly hewn altar of Beogh.
 36033 | Orc:4    | Found Smouhete's Antique Armour Shop.
 36079 | Orc:4    | Found a roughly hewn altar of Beogh.
 36392 | Orc:4    | Found a roughly hewn altar of Beogh.
 36422 | Orc:4    | Found Qaetalump's Antique Weapon Shoppe.
 36502 | Orc:4    | Received a gift from Sif Muna
 36519 | Orc:4    | Found a roughly hewn altar of Beogh.
 36519 | Orc:4    | Found Haot Dyrch's Antique Armour Boutique.
 36519 | Orc:4    | Noticed an orc warlord
 36530 | Orc:4    | Killed an orc warlord
 36551 | Orc:4    | Found Twofrabby's Antique Weapon Shop.
 36563 | Orc:4    | Bought the +2 hat of the High Council {Archmagi, Wiz- Stlth-} for 1025 gold pieces
 37115 | Orc:4    | Found a roughly hewn altar of Beogh.
 37678 | Swamp:1  | Entered Level 1 of the Swamp
 38048 | Swamp:1  | Reached skill level 13 in Spellcasting
 38063 | Swamp:1  | Found a frozen archway.
 38090 | IceCv    | Entered an ice cave
 38204 | IceCv    | Reached skill level 5 in Necromancy
 38267 | IceCv    | Reached skill level 10 in Charms
 38284 | IceCv    | Reached XP level 15. HP: 34/72 MP: 1/38
 38284 | IceCv    | Killed from afar by a lindwurm

Action                   |  1- 3 |  4- 6 |  7- 9 | 10-12 | 13-15 || total
-------------------------+-------+-------+-------+-------+-------++-------
Melee: Short sword       |    17 |    13 |    12 |    12 |       ||    54
       Dagger            |       |       |       |    10 |       ||    10
       Staff             |       |       |       |       |    18 ||    18
 Cast: Magic Dart        |    78 |    79 |   290 |   135 |       ||   582
       Conjure Flame     |     1 |     5 |    20 |    12 |    10 ||    48
       Repel Missiles    |     1 |       |     1 |       |       ||     2
       Mephitic Cloud    |       |     6 |    11 |    28 |     9 ||    54
       Stone Arrow       |       |       |    90 |   566 |       ||   656
       Blink             |       |       |     7 |     7 |    28 ||    42
       Call Imp          |       |       |       |    11 |       ||    11
       Airstrike         |       |       |       |     9 |    25 ||    34
       Summon Forest     |       |       |       |     1 |     1 ||     2
       Monstrous Menager |       |       |       |    15 |    84 ||    99
       Lightning Bolt    |       |       |       |    10 |   658 ||   668
       Regeneration      |       |       |       |       |     2 ||     2
Invok: Channel Energy    |       |       |     2 |    23 |   221 ||   246
       Forget Spell      |       |       |       |     3 |       ||     3
 Abil: Evoke Invisibilit |       |       |     1 |       |       ||     1
Evoke: Wand              |       |       |       |     2 |     1 ||     3
  Use: Potion            |     2 |       |       |     2 |    10 ||    14
       Scroll            |       |     6 |     7 |    11 |    11 ||    35
 Stab: Sleeping          |       |       |     1 |       |       ||     1
  Eat: Chunk             |     3 |     4 |    20 |    18 |    29 ||    74
       Fruit             |       |       |     2 |     3 |       ||     5
       Meat ration       |       |       |       |     4 |     1 ||     5
       Royal jelly       |       |       |       |     2 |       ||     2
       Pizza             |       |       |       |     1 |       ||     1
       Beef jerky        |       |       |       |       |    13 ||    13
       Bread ration      |       |       |       |       |    11 ||    11
